[ PARTIDA AOE2 · #479646033 ]
1v1 RMRomanos vs Khmer
Equipo del jugador · VICT
Equipo rival · DERR
[ ANÁLISIS DE REPETICIÓN · EXTRAÍDO DE LA PARTIDA GRABADA ]
Feudal
10:06
Castillos
14:36
Imperial
32:34
| APM promedio | 41.8 |
| APM pico | 73 |
| eAPM promedio | 23.0 |
| Aldeanos / militares | 150 / 333 |
Foco
⚔️ 37.6% · 🌾 62.4%
Scorpion ×184 · Spearman ×135 · Monk ×7 · Centurion ×5 · Trebuchet (Packed) ×2 · Trade Cart ×1
Feudal
—
Castillos
—
Imperial
—
| APM promedio | 59.7 |
| APM pico | 134 |
| eAPM promedio | 22.7 |
| Aldeanos / militares | 167 / 476 |
Foco
⚔️ 49.0% · 🌾 51.0%
Scout Cavalry ×336 · Knight ×68 · Scorpion ×66 · Monk ×4 · Trebuchet (Packed) ×2
Mapa de la partida
Recursos al inicio + cada clic de construcción. Línea gruesa = muro · recuadro discontinuo = muro de casas detectado. 🟡 oro · ⚪ piedra · 🟢 bayas · 🔶 jabalí · ⭕ reliquia
Inputs por minuto
— Pill - - FaultyLuke
Build order — Pill
Primeras 150 de 449 acciones detectadas
| 0:00 | Crear | Villager (Male) |
| 0:01 | Crear | Villager (Male) |
| 0:02 | Construir | House |
| 0:03 | Construir | House |
| 0:22 | Crear | Villager (Male) |
| 0:22 | Crear | Villager (Male) |
| 1:27 | Crear | Villager (Male) |
| 1:55 | Crear | Villager (Male) |
| 2:10 | Construir | Lumber Camp |
| 2:24 | Crear | Villager (Male) |
| 2:52 | Crear | Villager (Male) |
| 3:20 | Crear | Villager (Male) |
| 3:21 | Crear | Villager (Male) |
| 3:30 | Construir | House |
| 3:31 | Crear | Villager (Male) |
| 3:59 | Crear | Villager (Male) |
| 4:14 | Crear | Villager (Male) |
| 5:04 | Construir | House |
| 5:16 | Crear | Villager (Male) |
| 5:29 | Construir | Mill |
| 5:42 | Crear | Villager (Male) |
| 5:49 | Crear | Villager (Male) |
| 5:57 | Crear | Villager (Male) |
| 6:06 | Crear | Villager (Male) |
| 6:22 | Crear | Villager (Male) |
| 6:40 | Crear | Villager (Male) |
| 6:52 | Investigar | Loom |
| 7:40 | Investigar | Feudal Age |
| 7:57 | Construir | Mining Camp |
| 8:37 | Construir | House |
| 9:34 | Construir | Barracks |
| 9:38 | Construir | Palisade Wall |
| 9:41 | Crear | Villager (Male) |
| 10:06 | Edad | Edad Feudal |
| 10:08 | Construir | Blacksmith |
| 10:10 | Crear | Villager (Male) |
| 10:55 | Crear | Villager (Male) |
| 11:01 | Construir | Market |
| 11:15 | Construir | Palisade Wall |
| 11:20 | Construir | Building 804 |
| 11:31 | Crear | Villager (Male) |
| 11:48 | Investigar | Castle Age |
| 12:15 | Construir | House |
| 12:41 | Investigar | Double-Bit Axe |
| 12:49 | Investigar | Scale Mail Armor |
| 13:50 | Crear | Spearman |
| 14:30 | Crear | Villager (Male) |
| 14:36 | Edad | Edad de los Castillos |
| 14:41 | Construir | Town Center |
| 14:54 | Construir | Town Center |
| 14:57 | Crear | Villager (Male) |
| 15:08 | Construir | Farm |
| 15:22 | Construir | House |
| 15:24 | Construir | Palisade Wall |
| 15:31 | Crear | Villager (Male) |
| 15:33 | Construir | Farm |
| 15:36 | Investigar | Horse Collar |
| 15:45 | Crear | Spearman |
| 15:46 | Investigar | Pikeman (upgrade) |
| 16:43 | Construir | House |
| 16:46 | Crear | Spearman |
| 17:04 | Construir | Mill |
| 17:25 | Investigar | Wheelbarrow |
| 17:27 | Construir | Farm |
| 17:30 | Construir | Farm |
| 17:33 | Construir | House |
| 17:38 | Crear | Villager (Male) |
| 17:38 | Crear | Villager (Male) |
| 18:10 | Construir | House |
| 18:17 | Construir | House |
| 18:23 | Construir | House |
| 18:26 | Construir | House |
| 18:30 | Crear | Spearman |
| 18:31 | Crear | Spearman |
| 18:37 | Construir | House |
| 18:42 | Construir | House |
| 18:47 | Construir | Palisade Wall |
| 18:53 | Crear | Villager (Male) |
| 18:58 | Construir | Farm |
| 19:00 | Construir | Farm |
| 19:25 | Construir | Monastery |
| 19:37 | Crear | Villager (Male) |
| 19:37 | Crear | Villager (Male) |
| 19:39 | Construir | Farm |
| 19:43 | Construir | Farm |
| 19:45 | Crear | Trade Cart |
| 19:45 | Crear | Villager (Male) |
| 19:45 | Crear | Villager (Male) |
| 19:45 | Crear | Villager (Male) |
| 19:49 | Construir | House |
| 19:56 | Crear | Spearman |
| 20:06 | Construir | House |
| 20:09 | Construir | House |
| 20:16 | Construir | House |
| 20:30 | Crear | Spearman |
| 20:31 | Crear | Spearman |
| 20:38 | Construir | House |
| 20:51 | Crear | Villager (Male) |
| 20:52 | Crear | Villager (Male) |
| 20:54 | Construir | Farm |
| 21:01 | Crear | Monk |
| 21:09 | Construir | Farm |
| 21:15 | Construir | Farm |
| 21:41 | Crear | Villager (Male) |
| 21:44 | Construir | House |
| 21:50 | Investigar | Heavy Plow |
| 22:08 | Construir | Farm |
| 22:21 | Construir | Lumber Camp |
| 22:22 | Construir | Lumber Camp |
| 22:28 | Crear | Villager (Male) |
| 22:28 | Crear | Villager (Male) |
| 22:28 | Crear | Villager (Male) |
| 22:29 | Crear | Villager (Male) |
| 22:38 | Crear | Monk |
| 22:40 | Construir | Farm |
| 22:41 | Crear | Villager (Male) |
| 22:44 | Construir | Farm |
| 23:08 | Crear | Monk |
| 23:12 | Investigar | Chain Mail Armor |
| 23:17 | Construir | House |
| 23:22 | Crear | Villager (Male) |
| 23:22 | Crear | Villager (Male) |
| 23:44 | Crear | Spearman |
| 23:51 | Construir | Farm |
| 23:51 | Crear | Villager (Male) |
| 23:57 | Construir | Farm |
| 24:07 | Construir | Barracks |
| 24:18 | Investigar | Forging |
| 24:28 | Investigar | Gold Mining |
| 24:33 | Construir | Mining Camp |
| 24:40 | Crear | Spearman |
| 24:51 | Construir | House |
| 24:52 | Construir | Palisade Wall |
| 24:52 | Construir | Palisade Wall |
| 25:03 | Crear | Monk |
| 25:31 | Crear | Spearman |
| 25:31 | Crear | Spearman |
| 25:37 | Construir | Farm |
| 25:39 | Construir | Farm |
| 25:44 | Crear | Monk |
| 25:54 | Construir | House |
| 25:56 | Construir | Palisade Wall |
| 25:58 | Construir | Palisade Wall |
| 26:10 | Crear | Monk |
| 26:18 | Crear | Villager (Male) |
| 26:19 | Crear | Villager (Male) |
| 26:19 | Crear | Villager (Male) |
| 26:19 | Crear | Villager (Male) |
| 26:19 | Crear | Villager (Male) |
| 26:22 | Investigar | Bow Saw |
Build order — FaultyLuke
Primeras 150 de 904 acciones detectadas
| 0:01 | Crear | Villager (Male) |
| 0:02 | Construir | House |
| 0:03 | Construir | House |
| 0:23 | Crear | Villager (Male) |
| 0:23 | Crear | Villager (Male) |
| 0:23 | Crear | Villager (Male) |
| 0:24 | Crear | Villager (Male) |
| 1:25 | Crear | Villager (Male) |
| 1:44 | Construir | Lumber Camp |
| 1:58 | Crear | Villager (Male) |
| 2:28 | Crear | Villager (Male) |
| 3:21 | Crear | Villager (Male) |
| 3:22 | Crear | Villager (Male) |
| 3:59 | Crear | Villager (Male) |
| 4:30 | Crear | Villager (Male) |
| 4:41 | Construir | House |
| 5:13 | Crear | Villager (Male) |
| 5:41 | Crear | Villager (Male) |
| 5:42 | Crear | Villager (Male) |
| 5:47 | Crear | Villager (Male) |
| 5:47 | Crear | Villager (Male) |
| 6:35 | Construir | House |
| 7:04 | Crear | Villager (Male) |
| 7:49 | Crear | Villager (Male) |
| 8:02 | Construir | Mining Camp |
| 8:05 | Crear | Villager (Male) |
| 8:22 | Construir | Farm |
| 8:24 | Construir | Farm |
| 8:33 | Crear | Villager (Male) |
| 8:56 | Investigar | Loom |
| 8:56 | Investigar | Feudal Age |
| 9:07 | Construir | Farm |
| 9:09 | Construir | Farm |
| 9:58 | Construir | Farm |
| 10:03 | Construir | Farm |
| 11:02 | Construir | Farm |
| 11:40 | Construir | Mill |
| 11:48 | Investigar | Castle Age |
| 11:56 | Construir | Stable |
| 12:13 | Construir | House |
| 13:13 | Investigar | Bloodlines |
| 13:26 | Construir | Farm |
| 13:29 | Crear | Villager (Male) |
| 13:31 | Crear | Villager (Male) |
| 13:34 | Construir | Farm |
| 14:31 | Construir | Town Center |
| 14:32 | Crear | Knight |
| 14:36 | Crear | Knight |
| 14:41 | Crear | Villager (Male) |
| 14:41 | Crear | Villager (Male) |
| 14:41 | Crear | Villager (Male) |
| 15:17 | Crear | Knight |
| 15:20 | Crear | Villager (Male) |
| 15:20 | Crear | Villager (Male) |
| 15:20 | Crear | Villager (Male) |
| 15:21 | Crear | Villager (Male) |
| 15:43 | Crear | Knight |
| 15:48 | Construir | House |
| 15:51 | Construir | Building 804 |
| 16:01 | Investigar | Wheelbarrow |
| 16:02 | Crear | Villager (Male) |
| 16:29 | Crear | Knight |
| 16:30 | Crear | Villager (Male) |
| 16:41 | Crear | Villager (Male) |
| 17:20 | Crear | Knight |
| 17:20 | Crear | Villager (Male) |
| 17:24 | Crear | Villager (Male) |
| 17:28 | Crear | Villager (Male) |
| 17:33 | Construir | House |
| 17:34 | Construir | House |
| 17:34 | Construir | House |
| 17:37 | Construir | Farm |
| 17:46 | Crear | Knight |
| 18:09 | Crear | Villager (Male) |
| 18:11 | Crear | Villager (Male) |
| 18:18 | Crear | Knight |
| 18:18 | Crear | Villager (Male) |
| 18:44 | Crear | Knight |
| 18:45 | Crear | Villager (Male) |
| 18:55 | Crear | Villager (Male) |
| 18:55 | Crear | Villager (Male) |
| 19:02 | Construir | House |
| 19:03 | Construir | House |
| 19:10 | Construir | Farm |
| 19:11 | Crear | Villager (Male) |
| 19:12 | Construir | Farm |
| 19:38 | Crear | Knight |
| 19:38 | Crear | Scout Cavalry |
| 19:45 | Crear | Villager (Male) |
| 20:16 | Crear | Knight |
| 20:20 | Crear | Knight |
| 20:24 | Construir | House |
| 20:30 | Construir | Lumber Camp |
| 20:41 | Construir | Farm |
| 20:41 | Construir | Farm |
| 20:41 | Construir | Farm |
| 20:48 | Construir | Farm |
| 21:14 | Crear | Knight |
| 21:15 | Crear | Scout Cavalry |
| 21:27 | Crear | Knight |
| 21:29 | Crear | Villager (Male) |
| 21:30 | Crear | Villager (Male) |
| 21:36 | Crear | Knight |
| 22:00 | Crear | Knight |
| 22:01 | Crear | Villager (Male) |
| 22:01 | Crear | Villager (Male) |
| 22:27 | Crear | Knight |
| 22:27 | Crear | Villager (Male) |
| 22:51 | Crear | Knight |
| 22:53 | Crear | Villager (Male) |
| 22:53 | Crear | Villager (Male) |
| 23:32 | Crear | Knight |
| 23:33 | Crear | Villager (Male) |
| 23:33 | Crear | Villager (Male) |
| 23:37 | Construir | Farm |
| 23:37 | Construir | Farm |
| 23:37 | Construir | Farm |
| 23:37 | Construir | Farm |
| 23:56 | Crear | Villager (Male) |
| 23:56 | Crear | Knight |
| 23:57 | Crear | Knight |
| 24:06 | Construir | Town Center |
| 24:07 | Crear | Villager (Male) |
| 24:08 | Crear | Villager (Male) |
| 24:13 | Construir | Farm |
| 24:14 | Construir | Farm |
| 24:20 | Construir | Blacksmith |
| 24:22 | Crear | Villager (Male) |
| 24:22 | Crear | Villager (Male) |
| 24:58 | Crear | Knight |
| 25:26 | Crear | Knight |
| 25:30 | Crear | Knight |
| 25:31 | Crear | Villager (Male) |
| 25:31 | Crear | Villager (Male) |
| 25:31 | Crear | Villager (Male) |
| 25:36 | Construir | House |
| 25:37 | Construir | House |
| 25:37 | Construir | House |
| 25:38 | Construir | House |
| 25:43 | Construir | House |
| 25:51 | Crear | Knight |
| 25:52 | Crear | Villager (Male) |
| 26:40 | Crear | Knight |
| 26:41 | Crear | Villager (Male) |
| 26:41 | Crear | Villager (Male) |
| 26:41 | Crear | Villager (Male) |
| 26:42 | Crear | Villager (Male) |
| 26:42 | Crear | Villager (Male) |
| 26:45 | Crear | Villager (Male) |
| 26:50 | Construir | Farm |
Cronología de la partida
| 9:34 | Pill · first_building Barracks |
| 9:38 | Pill · wall_segment Palisade Wall x4 |
| 10:06 | Pill · age_up feudal |
| 11:15 | Pill · wall_segment Palisade Wall x7 |
| 11:56 | FaultyLuke · first_building Stable |
| 14:36 | Pill · age_up castle |
| 15:24 | Pill · wall_segment Palisade Wall x2 |
| 15:40 | Pill · first_market_buy 100 food |
| 18:47 | Pill · wall_segment Palisade Wall x1 |
| 19:25 | Pill · first_building Monastery |
| 24:52 | Pill · wall_segment Palisade Wall x1 |
| 24:52 | Pill · wall_segment Palisade Wall x1 |
| 25:56 | Pill · wall_segment Palisade Wall x1 |
| 25:58 | Pill · wall_segment Palisade Wall x1 |
| 29:05 | FaultyLuke · first_building Monastery |
| 29:19 | Pill · first_market_sell 100 wood |
| 29:32 | Pill · first_building Siege Workshop |
| 30:04 | FaultyLuke · first_building Siege Workshop |
| 32:34 | Pill · age_up imperial |
| 35:15 | Pill · wall_segment Palisade Wall x1 |
| 36:22 | Pill · first_building Castle |
| 37:42 | FaultyLuke · first_building Castle |
| 39:10 | Pill · wall_segment Palisade Wall x1 |
| 45:32 | FaultyLuke · first_market_sell 100 wood |
| 45:37 | FaultyLuke · first_market_buy 100 food |
| 58:18 | Pill · wall_segment Palisade Wall x1 |
| 61:59 | FaultyLuke · resign |
[ ANÁLISIS IA · 1 CRÉDITO ]
¿Qué pasó realmente en esta partida?
Wolo.gg analiza cada decisión: build order, eco, micro, errores típicos por bracket. Análisis personalizado por WhatsApp o Discord en 30 segundos.
Guía civ
Romanos
Guía mapa
Enclosed
Perfil
Pill